 Dungeon Crawl Stone Soup version 0.32-a0-484-g2eb335d (webtiles) character file.

Game seed: 2773292212634585834

2569 Nithhogg the Severer (level 9, -1/70 HPs)
             Began as a Mountain Dwarf Fighter on Feb 25, 2024.
             Was a Believer of Makhleb.
             Killed from afar by an electric eel (9 damage)
             ... with a bolt of electricity
             ... on level 6 of the Dungeon on Feb 26, 2024.
             The game lasted 00:09:43 (5577 turns).

Nithhogg the Severer (Mountain Dwarf Fighter)       Turns: 5577, Time: 00:09:44

Health: -1/70      AC:  6    Str: 23    XL:     9   Next: 31%
Magic:  9/9        EV:  9    Int:  9    God:    Makhleb [**....]
Gold:   231        SH:  4    Dex:  9    Spells: 8/8 levels left

rFire   . . .        a - +0 war axe
rCold   . . .        c - +0 buckler
rNeg    . . .        b - +0 scale mail
rPois   .            (no helmet)
rElec   .            (no cloak)
rCorr   .            (no gloves)
SInv    .            (no boots)
Will    .....        e - amulet of regeneration Stlth
                     (no ring)
HPRegen 1.11/turn    (no ring)
MPRegen 0.11/turn

%: no passive effects
@: no status effects
A: runic magic, artefact enchanting
a: Renounce Religion, Minor Destruction


You were on level 6 of the Dungeon.
You worshipped Makhleb.
Makhleb was pleased with you.
You visited 1 branch of the dungeon, and saw 8 of its levels.
You also visited: Sewer.

You collected 231 gold pieces.

Inventory:

Hand Weapons
 a - a +0 war axe (weapon)
 I - a +2 trident of draining
Missiles
 p - 6 javelins (quivered)
 t - 2 curare-tipped darts
 x - 10 poisoned darts
Armour
 b - a +0 scale mail (worn)
 c - a +0 buckler (worn)
Jewellery
 e - an amulet of regeneration (around neck)
 j - an amulet of magic regeneration
 o - a ring of ice
Wands
 B - a wand of charming (19)
 G - a wand of flame (22)
 H - a wand of polymorph (7)
Scrolls
 g - 2 scrolls of teleportation
 h - a scroll of identify
 l - 2 scrolls of blinking
 m - a scroll of torment
 n - 2 scrolls of amnesia
 q - 3 scrolls of enchant weapon
 v - a scroll of poison
 y - 2 scrolls of butterflies
 A - a scroll of fear
 C - a scroll of fog
 E - a scroll of revelation {unknown}
Potions
 d - a potion of might
 f - 2 potions of degeneration {unknown}
 i - a potion of haste {unknown}
 k - 3 potions of curing {unknown}
 r - 3 potions of ambrosia {unknown}
 s - a potion of mutation {unknown}
 u - a potion of brilliance {unknown}
 w - a potion of berserk rage {unknown}
 z - a potion of invisibility {unknown}
 D - a potion of cancellation {unknown}
 F - a potion of attraction {unknown}


   Skills:
 - Level 3.2 Fighting
 + Level 15.0 Axes
 - Level 3.2 Armour
 - Level 3.2 Shields


You had 8 spell levels left.
You didn't know any spells.
Your spell library contained the following spells:

 Spells                   Type           Power      Damage    Failure   Level
 Freeze                   Ice            0%         1d3       52%         1
 Magic Dart               Conj           0%         1d3       52%         1
 Shock                    Conj/Air       0%         1d3       52%         1
 Slow                     Hex            0%         N/A       52%         1
 Searing Ray              Conj           0%         2d4       67%         2
 Confusing Touch          Hex            0%         N/A       88%         3
 Dazzling Flash           Conj/Hex       0%         N/A       88%         3
 Frozen Ramparts          Ice            0%         1d1       88%         3
 Hailstorm                Conj/Ice       0%         3d5       88%         3
 Sigil of Binding         Hex            0%         N/A       88%         3
 Swiftness                Air            0%         N/A       88%         3
 Vampiric Draining        Necr           0%         2d6       88%         3
 Volatile Blastmotes      Fire/Tloc      0%         2d10      88%         3
 Airstrike                Air            0%         2d(0-16)  99%         4
 Fulminant Prism          Conj/Alch      0%         3d5       99%         4
 Starburst                Conj/Fire      0%         6d3       100%        6
 Maxwell's Capacitive Co  Air            0%         ∞         100%        8


Dungeon Overview and Level Annotations

Branches:
Dungeon (8/15)             Temple (0/1) D:6           Sewer (visited)
   Lair: D:8-11

Altars:
Ashenzari
Cheibriados
Elyvilon
Kikubaaqudgha
Makhleb
Ru
Sif Muna
Uskayaw
Vehumet
Xom
Yredelemnul
The Shining One

Shops:
D:1 :   D:4 :   D:5 [(!*

Annotations:
D:2 1 runed translucent door, Crazy Yiuf
D:3 3 runed translucent doors, tlatlagkaus's ghost, weakling DrSh


Innate Abilities, Weirdness & Mutations

Your spellcasting is much less encumbered by armour.
You can use scrolls of enchantment on lesser artefacts.


Message History

A shadow imp comes into view.
The shadow imp shouts!
A shadow imp is nearby!
The shadow imp gestures at you. Pain shoots through your body!
You barely miss the shadow imp. The shadow imp closely misses you.
You hit the shadow imp.
The shadow imp is lightly wounded.
The shadow imp hits you.
You closely miss the shadow imp.
The shadow imp is lightly wounded.
You closely miss the shadow imp.
The shadow imp is lightly wounded.
You block the shadow imp's attack.
You hit the shadow imp.
The shadow imp is heavily wounded.
The shadow imp hits you but does no damage.
You barely miss the shadow imp.
The shadow imp is heavily wounded.
The shadow imp grins evilly.
The shadow imp hits you but does no damage.
You slash the shadow imp!
You kill the shadow imp!
Makhleb accepts your kill.
Found a stone staircase leading up.
An electric eel comes into view.
The electric eel shoots out a bolt of lightning at you!
The bolt of electricity hits you! x2
An electric eel is nearby!
An electric eel comes into view.
The electric eel shoots out a bolt of lightning at you!
The bolt of electricity hits you! x2
The electric eel shoots out a bolt of lightning at you!
The bolt of electricity hits you!
* * * LOW HITPOINT WARNING * * *
The bolt of electricity hits you!
* * * LOW HITPOINT WARNING * * *
The electric eel shoots out a bolt of lightning at you!
The bolt of electricity hits you!
You die...

..)......................
..........#..#.##.#####..
#..#####.......##.#####...
....................<.....
......>...........####....
.........###...#..........
##.........#...#.#####....
........................ .
##.#≈≈≈≈≈≈≈≈≈.##@#####..
##..≈##≈≈≈##≈.##.#### #
.#≈#### #≈.......# ##..≈≈#
#≈S........... ......+
#≈≈.########.. ....≈≈#
#≈S. ####≈## ##≈ # #≈ ≈


You could see an electric eel.

Vanquished Creatures
  Pikel (D:6)
  Jeremiah (D:6)
  A fire bat (D:6)
  A water moccasin (D:8)
  A black bear (D:5)
  An orc warrior (D:6)
  An ice beast (D:5)
  2 sky beasts (D:6)
  An ogre (D:5)
  2 kobold brigands (Sewer)
  A scorpion (D:5)
  A bombardier beetle (D:5)
  2 hounds (D:5)
  4 jellies
  An orc priest (D:8)
  5 iguanas
  Jessica (D:2)
  A sleepcap (D:5)
  4 orc wizards
  3 gnolls (D:6)
  13 adders
  2 river rats (Sewer)
  2 shadow imps
  6 dart slugs
  2 ribbon worms (Sewer)
  17 orcs
  4 ball pythons
  10 endoplasms
  4 giant cockroaches
  6 goblins
  5 hobgoblins
  4 jackals (D:3)
  3 quokkas
  3 bats
  2 frilled lizards (D:2)
  11 kobolds
  14 rats
143 creatures vanquished.

Notes
Turn   | Place    | Note
-------+----------+-------------------------------------------
     0 | D:1      | Nithhogg the Mountain Dwarf Fighter began the quest for the
                  | Orb.
     0 | D:1      | Reached XP level 1. HP: 19/19 MP: 1/1
    58 | D:1      | Reached skill level 3 in Axes
    73 | D:1      | Found Pevvy's Vocational Training.
   206 | D:1      | Reached XP level 2. HP: 26/26 MP: 2/2
   493 | D:2      | Found a snail-covered altar of Cheibriados.
   499 | D:2      | Reached skill level 4 in Axes
   503 | D:2      | Reached XP level 3. HP: 28/31 MP: 3/3
  1009 | D:2      | Reached skill level 5 in Axes
  1024 | D:2      | Reached XP level 4. HP: 33/38 MP: 4/4
  1028 | D:2      | Upgraded the game from 0.32-a0-475-g46bb8dd to
                  | 0.32-a0-484-g2eb335d
  1093 | D:2      | Found a runed translucent door.
  1094 | D:2      | Noticed Crazy Yiuf
  1195 | D:2      | Noticed Jessica
  1197 | D:2      | Killed Jessica
  1395 | D:3      | Reached skill level 6 in Axes
  1449 | D:3      | Found a runed translucent gate.
  1449 | D:3      | Found a runed translucent gate.
  1449 | D:3      | Found a runed translucent gate.
  1571 | D:3      | Reached XP level 5. HP: 45/45 MP: 5/5
  1725 | D:3      | Reached skill level 7 in Axes
  2078 | D:3      | Noticed tlatlagkaus's ghost (weakling DrSh)
  2440 | D:4      | Found Wiji's Self-Published Books.
  2531 | D:4      | Reached XP level 6. HP: 35/51 MP: 6/6
  2730 | D:4      | Found a burning altar of Makhleb.
  2751 | D:4      | Reached skill level 8 in Axes
  2758 | D:4      | Became a worshipper of Makhleb the Destroyer
  3074 | D:4      | Found a shimmering blue altar of Sif Muna.
  3076 | D:4      | Found a hide-covered altar of Uskayaw.
  3076 | D:4      | Found an ancient bone altar of Kikubaaqudgha.
  3076 | D:4      | Found a white marble altar of Elyvilon.
  3088 | D:4      | Found a snail-covered altar of Cheibriados.
  3088 | D:4      | Found a sacrificial altar of Ru.
  3152 | D:5      | Entered Level 5 of the Dungeon
  3152 | D:5      | Found a glowing drain.
  3181 | D:5      | Noticed an ice beast
  3195 | D:5      | Killed an ice beast
  3206 | Sewer    | Entered a sewer
  3492 | Sewer    | Reached * piety under Makhleb
  3521 | Sewer    | Reached skill level 9 in Axes
  3521 | Sewer    | Reached XP level 7. HP: 47/57 MP: 7/7
  3868 | D:5      | Found Iwyodeej's Weapon Shoppe.
  3895 | D:5      | Reached skill level 10 in Axes
  4072 | D:5      | HP: 2/57 [ogre/+0 giant club (19)]
  4156 | D:5      | Found a basalt altar of Yredelemnul.
  4158 | D:5      | Noticed a profane servitor
  4254 | D:5      | Reached skill level 11 in Axes
  4321 | D:5      | Reached ** piety under Makhleb
  4322 | D:5      | Reached XP level 8. HP: 54/63 MP: 8/8
  4397 | D:5      | Found Dioj's Distillery.
  4490 | D:5      | Found Hocenyno's Assorted Antiques.
  4575 | D:5      | You fall into a shaft and drop 3 floors!
  4755 | D:8      | Found a broken altar of Ashenzari.
  4889 | D:7      | Reached skill level 12 in Axes
  4952 | D:6      | Noticed Pikel
  4954 | D:6      | Found a staircase to the Ecumenical Temple.
  4962 | D:6      | Killed Pikel
  4963 | D:6      | Reached skill level 13 in Axes
  5085 | D:6      | Found a radiant altar of Vehumet.
  5166 | D:6      | Noticed Jeremiah
  5175 | D:6      | Killed Jeremiah
  5176 | D:6      | Reached skill level 14 in Axes
  5176 | D:6      | Reached XP level 9. HP: 31/70 MP: 9/9
  5382 | D:5      | Found Jatuxt's Armour Emporium.
  5436 | D:5      | Found a glowing golden altar of the Shining One.
  5438 | D:5      | Noticed an angel
  5481 | D:6      | Found a shimmering altar of Xom.
  5496 | D:6      | Reached skill level 15 in Axes
  5577 | D:6      | Killed from afar by an electric eel

Illustrated notes

Levels and vault maps discovered:
D:1:      shiori_arrival_oz, layout_rooms, minmay_misc_feat_iff,
          nicolae_shop_vocational
D:2:      minmay_diamond_boxcup, layout_basic, basic_altar, uniq_jessica,
          uniq_crazy_yiuf_cottage
D:3:      mumra_celtic_spiral_tile, layout_basic, gammafunk_ghost_icy
D:4:      layout_basic, minmay_overflow_temple_hex, bloody_makhleb,
          nicolae_custom_books
D:5:      layout_loops_ring, grunt_temple_overflow_holy_war, serial_shops, shop,
          shop_statue, shop, shop, gup_sewer_entry_glass
D:6:      layout_basic, regret_index_xom_of_box, vehumet_altar_wand_db,
          minmay_temple_entry_tees, minmay_misc_feat_columns, lightli_minifort,
          uniq_pikel, uniq_jeremiah
D:7:      layout_basic
D:8:      layout_basic, nicolae_ashenzari_panopticon, enter_bailey_7

Skill      XL: |  1  2  3  4  5  6  7  8  9 |
---------------+----------------------------+-----
Axes           | 3 4 5 6 7 9 11 14 15 | 15.0
Fighting       | |  3.2
Armour         | |  3.2
Shields        | |  3.2

Action                     |  1- 3 |  4- 6 |  7- 9 || total
---------------------------+-------+-------+-------++-------
  Melee: War axe           |   148 |   217 |   253 ||   618
    Use: Potion            |       |     1 |     4 ||     5
         Scroll            |       |       |     9 ||     9
 Armour: Scale mail        |   130 |   124 |   187 ||   441
  Dodge: Dodged            |    84 |    96 |    94 ||   274
  Block: Buckler           |    24 |    28 |    35 ||    87

Table legend: (Time is in decaauts)
 A = Elapsed time spent in this place.
 B = Non-inter-level travel time spent in this place.
 C = Inter-level travel time spent in this place.
 D = Time resting spent in this place.
 E = Time spent auto-exploring this place.
 F = Levels seen in this place.
 G = Mean time per level.
                   A        B        C        D        E       F      G
               +--------+--------+--------+--------+--------+-----+--------+
         Total |   5790 |   5666 |    124 |    157 |   4153 |   9 |  643.3 |
       Dungeon |   5007 |   4883 |    124 |    157 |   3679 |   8 |  625.9 |
         Sewer |    783 |    783 |      0 |      0 |    474 |   1 |  783.0 |
               +--------+--------+--------+--------+--------+-----+--------+

Top non-repeatable levels by time:
     D:3: 1060 daAuts
     D:2: 1049 daAuts
     D:5: 870 daAuts
     D:4: 809 daAuts
   Sewer: 783 daAuts
     D:6: 487 daAuts
     D:1: 356 daAuts
     D:8: 289 daAuts
     D:7: 84 daAuts
